 Dungeon Crawl Stone Soup version 0.19.0-20-gbc5f0c6 (webtiles) character file.

1548 kae the Basher (level 9, -2/64 HPs)
             Began as a Formicid Fighter on Nov 17, 2016.
             Slain by Iwannabefree's ghost (6 damage)
             ... in a bailey.
             The game lasted 00:06:21 (6852 turns).

kae the Basher (Formicid Fighter)                   Turns: 6852, Time: 00:06:22

Health: -2/64      AC: 11    Str: 25    XL:     9   Next: 12%
Magic:  18/18      EV:  5    Int: 19    God:
Gold:   337        SH: 10    Dex: 13    Spells: 0 memorised, 8 levels left

rFire  + . .     SeeInvis +     A - +2 flail (holy)
rCold  . . .     Gourm    .     w - +0 plate armour "Inymy" {rF+ Int+7 Dex+3} (curse)
rNeg   . . .     Faith    .     c - +0 shield
rPois  .         Spirit   .     (helmet unavailable)
rElec  .         Reflect  .     (no cloak)
rCorr  .         Harm     .     (no gloves)
MR     .....                    (no boots)
Stlth  ..........               (no amulet)
                                (no ring)
                                j - ring of magical power

@: brilliant
A: permanent stasis, dig shafts and tunnels, four strong arms, antennae 3
a: Dig, Shaft Self


You were in a bailey.
You were not hungry.

You visited 2 branches of the dungeon, and saw 8 of its levels.
You also visited: Ossuary and Bailey.

You collected 337 gold pieces.

Inventory:

Hand Weapons
 a - a +1 flail
 A - a +2 flail of holy wrath (weapon)
 B - a +0 great mace
Armour
 b - a +1 scale mail
 c - a +0 shield (worn)
 w - the cursed +0 plate armour "Inymy" (worn) {rF+ Int+7 Dex+3}
   (You found it on level 5 of the Dungeon)

   It affects your intelligence (+7).
   It affects your dexterity (+3).
   It protects you from fire.
   It has a curse placed upon it.
Jewellery
 j - a ring of magical power (left hand)
 t - an uncursed ring of poison resistance {unknown}
Scrolls
 g - 4 scrolls of remove curse
 h - 5 scrolls of identify
 i - a scroll of enchant weapon
 q - a scroll of magic mapping
 s - 4 scrolls of enchant armour
 u - 2 scrolls of blinking
 z - a scroll of vulnerability
Potions
 d - a potion of might
 e - 4 potions of lignification
 k - a potion of degeneration {unknown}
 m - a potion of magic {unknown}
 n - a potion of cure mutation {unknown}
 o - a potion of agility {unknown}
 r - a potion of heal wounds {unknown}
 x - 3 potions of brilliance
 C - a potion of mutation {unknown}
 D - a potion of curing {unknown}
Comestibles
 f - 8 bread rations
 l - 2 meat rations
 p - a royal jelly
 v - 2 slices of pizza
 F - 2 chunks of flesh


   Skills:
 - Level 3.2 Fighting
 + Level 10.9 Maces & Flails
 - Level 3.2 Armour
 - Level 3.6 Shields


You had 8 spell levels left.
You didn't know any spells.

Dungeon Overview and Level Annotations

Branches:
Dungeon (7/15)             Temple (1/1) D:5

Altars:
Ashenzari
Cheibriados
Dithmenos
Elyvilon
Fedhas
Gozag
Hepliaklqana
Kikubaaqudgha
Nemelex Xobeh
Qazlal
Ru
Sif Muna
Trog
Uskayaw
Vehumet
Xom
Zin
The Shining One

Annotations:
Bailey Iwannabefree's ghost, journeyman TeAK


Innate Abilities, Weirdness & Mutations

You are under a permanent stasis effect.
You can dig through walls and to a lower floor.
Your four strong arms can wield two-handed weapons with a shield.
You have a pair of large antennae on your head. (SInv)


Message History

The deep elf mage casts a spell at you. The bolt of cold hits you!
Ouch! That really hurt!
* * * LOW HITPOINT WARNING * * *
You block Iwannabefree's ghost's attack.
You hear a shout! x2
Your shield and plate armour "Inymy" prevent you from hitting the deep elf mage.
The deep elf mage is almost dead.
You block the deep elf mage's attack. Iwannabefree's ghost hits you!
* * * LOW HITPOINT WARNING * * *
x2 The deep elf mage mumbles some strange words.
The deep elf mage blinks!
Unknown command.
Okay, then.
Unknown command.
Okay, then.
It was a potion of brilliance.
You feel clever all of a sudden. You block the deep elf mage's attack.
Iwannabefree's ghost hits you.
You die...

#.. ... §.
.. { { .#
e#####
#....##
#eW...#
#.@∩..#
#..e..#
##*..##
####'##..#
##...##
...# {
#.....#
...#
#..∩..#
..##
##...##
### #####


You could see 3 deep elf magi, a battlesphere and Iwannabefree's ghost.

Vanquished Creatures
  The ghost of jazmu the Firebug, an amateur DgFE (D:4)
  A phantom (D:5)
  2 ogres
  2 centaurs (D:5)
  2 bullfrogs (D:6)
  An elf zombie (Ossuary)
  A gnoll sergeant (D:5)
  2 scorpions
  A howler monkey (D:6)
  A jelly (D:5)
  A centaur skeleton (D:6)
  A human zombie (Ossuary)
  An orc priest (D:3)
  A bullfrog skeleton (D:5)
  2 iguanas
  2 orc wizards
  2 worker ants (D:4)
  A big kobold zombie (Ossuary)
  2 hound skeletons
  4 mummies (Ossuary)
  4 gnolls (D:5)
  4 adders
  2 shadow imps (D:5)
  An ooze (D:1)
  2 adder zombies
  5 worms
  A dart slug (D:1)
  7 leopard geckos
  7 orcs
  9 bats
  8 giant cockroaches
  3 gnoll zombies (Ossuary)
  11 goblins
  10 hobgoblins
  5 quokkas
  11 frilled lizards
  A giant cockroach zombie (D:5)
  A jackal zombie (Ossuary)
  7 kobolds
  A kobold zombie (Ossuary)
  2 leopard gecko skeletons (D:4)
  3 orc zombies (Ossuary)
  2 quokka skeletons
  A quokka zombie (D:6)
  4 rats
  A rat zombie (Ossuary)
144 creatures vanquished.

Notes
Turn   | Place    | Note
-------+----------+-------------------------------------------
     0 | D:1      | kae the Formicid Fighter began the quest for the Orb.
     0 | D:1      | Reached XP level 1. HP: 18/18 MP: 1/1
   299 | D:1      | Reached XP level 2. HP: 21/24 MP: 2/2
   335 | D:1      | Found a sparkling altar of Nemelex Xobeh.
   465 | D:1      | Reached skill level 3 in Maces & Flails
   871 | D:1      | Reached XP level 3. HP: 29/29 MP: 3/3
  1326 | D:2      | Reached skill level 4 in Maces & Flails
  1326 | D:2      | Reached XP level 4. HP: 31/35 MP: 4/4
  2002 | D:3      | Reached XP level 5. HP: 22/41 MP: 5/5
  2511 | D:3      | Reached skill level 5 in Maces & Flails
  2941 | D:4      | Reached XP level 6. HP: 23/47 MP: 6/6
  3233 | D:4      | Reached skill level 6 in Maces & Flails
  3565 | D:4      | Noticed jazmu's ghost (amateur DgFE)
  3578 | D:4      | Killed jazmu's ghost
  3578 | D:4      | Reached skill level 7 in Maces & Flails
  3578 | D:4      | Reached XP level 7. HP: 30/52 MP: 7/7
  3801 | D:5      | Entered Level 5 of the Dungeon
  3845 | D:5      | Got a polished plate armour
  3856 | D:5      | Identified the cursed +0 plate armour "Inymy" {rF+ Int+7 Dex+3} (You found it on level 5 of the Dungeon)
  4009 | D:5      | Reached skill level 8 in Maces & Flails
  4113 | D:5      | Found a sand-covered staircase.
  4118 | Ossuary  | Entered an ossuary
  4183 | Ossuary  | Reached XP level 8. HP: 50/58 MP: 8/8
  4571 | D:5      | Found a staircase to the Ecumenical Temple.
  4671 | Temple   | Entered the Ecumenical Temple
  4913 | D:5      | Reached skill level 9 in Maces & Flails
  5430 | D:5      | Found an opulent altar of Gozag.
  5470 | D:5      | Found a radiant altar of Vehumet.
  5614 | D:6      | Reached skill level 10 in Maces & Flails
  5988 | D:6      | Reached XP level 9. HP: 16/64 MP: 9/9
  6456 | D:6      | Found a white marble altar of Elyvilon.
  6802 | D:7      | Found a flagged portal.
  6826 | Bailey   | Entered a bailey
  6834 | Bailey   | Noticed a deep elf mage
  6846 | Bailey   | Noticed a deep elf mage
  6846 | Bailey   | Noticed Iwannabefree's ghost (journeyman TeAK)
  6849 | Bailey   | Noticed a deep elf mage
  6851 | Bailey   | HP: 3/64 [Iwannabefree's ghost (2)]
  6852 | Bailey   | Slain by Iwannabefree's ghost

Skill      XL: |  1  2  3  4  5  6  7  8 |
---------------+-------------------------+-----
Maces & Flails | 3 4 5 7 8 10 | 10.9
Fighting       | |  3.2
Armour         | |  3.2
Shields        | |  3.6

Action                   |  1- 3 |  4- 6 |  7- 9 || total
-------------------------+-------+-------+-------++-------
Melee: Flail             |   130 |   208 |   283 ||   621
 Abil: Dig               |       |     1 |     4 ||     5
  Use: Scroll            |       |     6 |     7 ||    13
       Potion            |       |     1 |     1 ||     2
  Eat: Chunk             |     2 |     7 |    10 ||    19
       Pizza             |       |       |     1 ||     1
Armor: Scale mail        |    52 |    59 |     1 ||   112
       Plate armour      |       |       |    96 ||    96
Dodge: Dodged            |    30 |    70 |    45 ||   145
Block: Shield            |    63 |   103 |   111 ||   277
